 Dungeon Crawl Stone Soup version 0.24-a0-335-g06ca16a (webtiles) character file.

Game seed: 222694207716209345

11220 mhoghedin the Skirmisher (level 11, -16/86 HPs)
             Began as a Mummy Necromancer on May 19, 2019.
             Was an Elder of Vehumet.
             Demolished by a black mamba (17 damage)
             ... on level 2 of the Lair of Beasts.
             The game lasted 00:29:36 (14196 turns).

mhoghedin the Skirmisher (Mummy Necromancer)       Turns: 14196, Time: 00:29:37

Health: -16/86     AC:  6    Str: 14    XL:     11   Next: 46%
Magic:  0/35       EV: 15    Int: 19    God:    Vehumet [****..]
Gold:   595        SH:  5    Dex: 12    Spells: 5/18 levels left

rFire    . . .     SeeInvis .   v - +3 broad axe of Resourcefulness {vamp, Str+3 Stlth+}
rCold    + . .     Gourm    .   d - +0 buckler
rNeg     + + +     Faith    +   q - +1 leather armour {rF+}
rPois    ∞         Spirit   +   (no helmet)
rElec    .         Reflect  .   j - scarf {Spirit}
rCorr    .         Harm     .   k - +0 pair of gloves
MR       +....                  t - +0 pair of boots
Stlth    ++........             r - amulet of faith {Faith, !P}
HPRegen  0.24/turn              b - ring of magical power {MP+9}
MPRegen  0.24/turn              m - ring of magical power {MP+9}

@: about to teleport, very slightly contaminated
A: no food or potions, fire vulnerability, cold resistance 1, negative energy
resistance 3, torment resistance, unbreathing
a: Renounce Religion


You were on level 2 of the Lair of Beasts.
You worshipped Vehumet.
Vehumet was greatly pleased with you.
You were not hungry.

You visited 2 branches of the dungeon, and saw 13 of its levels.

You collected 595 gold pieces.

Inventory:

Hand Weapons
 f - a +2 short sword of draining
   (You took it off a kobold on level 1 of the Dungeon)
 p - a +1 whip of electrocution
   (You took it off a gnoll shaman on level 5 of the Dungeon)
 v - the +3 broad axe of Resourcefulness (weapon) {vamp, Str+3 Stlth+}
   (You found it on level 11 of the Dungeon)

   It inflicts no extra harm, but heals its wielder when it wounds a living foe.
   It affects your strength (+3).
   It makes you more stealthy.
Missiles
 l - 2 throwing nets {=f, !d}
Armour
 d - a +0 buckler (worn)
   (You found it on level 3 of the Dungeon)
 j - a scarf of spirit shield (worn)
   (You found it on level 2 of the Dungeon)
 k - a +0 pair of gloves (worn)
   (You found it on level 2 of the Dungeon)
 q - a +1 leather armour of fire resistance (worn)
   (You took it off an orc on level 4 of the Dungeon)
 t - a +0 pair of boots (worn)
   (You found it on level 6 of the Dungeon)
Jewellery
 b - a ring of magical power (left hand) {MP+9}
   (You found it on level 1 of the Dungeon)
 i - an uncursed ring of see invisible {sInv, !d}
   (You took it off an orc on level 3 of the Dungeon)
 m - a ring of magical power (right hand) {MP+9}
   (You found it on level 2 of the Dungeon)
 r - an amulet of faith (around neck) {Faith, !P}
   (You found it on level 5 of the Dungeon)
 y - an uncursed ring of fire {rF+, rC-}
   (You found it on level 9 of the Dungeon)
Wands
 e - a wand of polymorph (12)
   (You took it off Blork the orc on level 4 of the Dungeon)
 B - a wand of paralysis (10)
   (You found it on level 9 of the Dungeon)
Scrolls
 a - a scroll of torment {unknown}
 c - 4 scrolls of immolation {!r}
 g - 2 scrolls of amnesia
 h - 10 scrolls of teleportation
 n - a scroll of fog
 u - 4 scrolls of remove curse
 x - a scroll of enchant armour {unknown}
 z - a scroll of vulnerability {unknown}
 A - a scroll of enchant weapon {unknown}
 C - 2 scrolls of identify
 E - a scroll of magic mapping {!r}
 F - a scroll of fear {unknown}
Miscellaneous
 D - a phial of floods
   (You found it on level 10 of the Dungeon)


   Skills:
 - Level 7.9 Fighting
 + Level 6.1(7.0) Axes
 - Level 5.1(6.5) Maces & Flails
 - Level 1.0 Armour
 - Level 6.8 Dodging
 - Level 1.5 Stealth
 - Level 4.0 Shields
 - Level 4.3 Spellcasting
 - Level 3.9 Conjurations
 - Level 6.7 Necromancy
 - Level 3.9 Fire Magic


You had 5 spell levels left.
You knew the following spells:

 Your Spells              Type           Power        Failure   Level  Hunger
a - Pain                  Necr           ####         1%          1    N/A
b - Animate Dead          Necr           N/A          10%         4    N/A
s - Sticky Flame          Conj/Fire      ###.....     9%          4    N/A
x - Vampiric Draining     Necr           ####......   3%          3    N/A
A - Animate Skeleton      Necr           N/A          1%          1    N/A

Your spell library contained the following spells:

 Spells                   Type           Power        Failure   Level  Hunger
 Static Discharge         Conj/Air       ##......     6%          3    N/A
 Regeneration             Chrm/Necr      Unusable     N/A         3    N/A

Dungeon Overview and Level Annotations

Branches:
Dungeon (11/15)            Temple (0/1) D:5            Lair (2/6) D:11
    Orc (0/2) D:10
  Swamp: Lair:2-4    Shoals: Lair:2-4     Snake: Lair:2-4    Spider: Lair:2-4

Altars:
Hepliaklqana
Kikubaaqudgha
Makhleb
Okawaru
Ru
Trog
Uskayaw
Vehumet
Wu Jian
Xom
Yredelemnul
The Shining One

Shops:
D:6 ?   D:7 %

Annotations:
D:4 exclusion: Grinder, Grinder
D:5 exclusion: door
Lair:1 exclusion: 2 oklob plants


Innate Abilities, Weirdness & Mutations

You do not eat or drink.
Your flesh is vulnerable to fire.
You are immune to poison.
Your flesh is cold resistant. (rC+)
You are immune to negative energy. (rN+++)
You are immune to unholy pain and torment.
You can survive without breathing.


Message History

The water moccasin barely misses you.
Your bullfrog zombie hits the water moccasin.
The water moccasin dies!
Vehumet accepts your kill.
The water moccasin hisses angrily.
You hear an angry hiss.
A black mamba comes into view.
A water moccasin comes into view.
You hear an angry hiss.
An adder comes into view.
Your bullfrog zombie barely misses the water moccasin.
You slice the water moccasin!! You hit the plant.
A black mamba comes into view.
The water moccasin bites you.
Your bullfrog zombie closely misses the water moccasin.
Your bullfrog zombie barely misses the black mamba.
You take 1 damage, and have 80/86 hp.
MP restored: 35 You barely miss the black mamba.
You hit the plant but do no damage.
A water moccasin comes into view.
The water moccasin bites the plant but does no damage.
Your bullfrog zombie hits the black mamba but does no damage.
The black mamba barely misses your bullfrog zombie.
The water moccasin bites the plant but does no damage.
Okay, then.
Unknown command.
You slash the black mamba! You hit the plant but do no damage.
The black mamba bites your bullfrog zombie!
The water moccasin completely misses your bullfrog zombie.
Your bullfrog zombie closely misses the water moccasin.
The black mamba bites your bullfrog zombie!
The water moccasin bites your bullfrog zombie.
Your bullfrog zombie hits the water moccasin.
You slash the black mamba! You hit the plant but do no damage.
The black mamba barely misses your bullfrog zombie.
The black mamba bites the plant.
The water moccasin bites your bullfrog zombie.
Your bullfrog zombie is destroyed!
Your crocodile zombie bites the water moccasin!
The water moccasin bites your crocodile zombie.
The black mamba bites you! The black mamba closely misses you.
Your crocodile zombie bites the water moccasin.
You take 9 damage, and have 72/86 hp.
You now have 30/35 mp.
The black mamba bites you.
Your crocodile zombie closely misses the water moccasin.
The black mamba bites you!
You take 8 damage, and have 64/86 hp.
You now have 26/35 mp.
The black mamba bites you! x2
You take 22 damage, and have 42/86 hp.
MASSIVE DAMAGE!!
You now have 18/35 mp.
You block the black mamba's attack.
Your crocodile zombie barely misses the water moccasin.
The black mamba misses you.
You miss the black mamba. The black mamba bites you!
Your crocodile zombie closely misses the water moccasin.
The black mamba completely misses you.
You take 10 damage, and have 33/86 hp.
You now have 15/35 mp.
Unknown command.
Aim: a black mamba (moderately wounded, chance to defeat MR: 46%)
The black mamba resists with some effort.
The black mamba bites you!
* * * LOW HITPOINT WARNING * * *
The black mamba bites you but does no damage.
You take 9 damage, and have 24/86 hp.
You now have 11/35 mp.
Aim: a black mamba (moderately wounded)
You miscast Sticky Flame.
You are very lightly contaminated with residual magic.
The air around you burns with energy! The black mamba bites you!
* * * LOW HITPOINT WARNING * * *
Your crocodile zombie bites the water moccasin!
The water moccasin dies!
Vehumet accepts your kill.
You take 11 damage, and have 13/86 hp.
You now have 4/35 mp.
Okay, then.
Unknown command.
Unknown command.
As you read the scroll of teleportation, it crumbles to dust.
You feel strangely unstable. The black mamba bites you!
* * * LOW HITPOINT WARNING * * *
You block the black mamba's attack.
Your crocodile zombie bites the water moccasin!
You take 9 damage, and have 4/86 hp.
You now have 1/35 mp.
Unknown command.
Okay, then.
Unknown command.
You block the black mamba's attack. The black mamba completely misses you.
Your surroundings seem slightly different.
You block the black mamba's attack.
Okay, then.
As you read the scroll of teleportation, it crumbles to dust.
You feel strangely unstable. The black mamba bites you.
* * * LOW HITPOINT WARNING * * *
The black mamba barely misses you.
You take 1 damage, and have 4/86 hp.
The black mamba bites you.
* * * LOW HITPOINT WARNING * * *
The black mamba bites you!
You die...

.......P#
(......### ###
.......#.#####.####
P....
..!..........Z....#
....
.####..#..#P.####.#
P..# ##
#############.#
###...# #...#
#..?P# ##..# #P...#
##@.# #P..# #S#S#
##.S.# ##..# #....#
#.S####.Z.####
#.....S†.......
######S#.#####P
#####


You could see 2 black mambas and a water moccasin.

Vanquished Creatures
  A centaur warrior (D:11)
  3 death yaks (D:10)
  An unseen horror (D:11)
  A black mamba (Lair:1)
  2 komodo dragons (Lair:1)
  A hornet (D:10)
  A tengu conjurer (D:11)
  A troll (D:11)
  3 hippogriffs
  A wyvern (D:6)
  5 water moccasins
  A porcupine (Lair:1)
  3 orc warriors
  A phantom (D:4)
  2 sky beasts
  3 ice beasts
  2 centaurs
  3 ogres
  A crocodile (Lair:2)
  5 wolves (Lair:1)
  Blork the orc (D:4)
  2 big kobolds (D:5)
  7 bullfrogs
  6 scorpions
  A killer bee (D:9)
  5 wights (D:10)
  2 howler monkeys
  2 electric eels (D:11)
  6 hounds
  A quasit (D:9)
  5 jellies
  2 gnoll shamans
  8 orc priests
  A bullfrog skeleton (D:4)
  A hell rat (D:11)
  2 iguanas (D:6)
  16 orc wizards
  6 worker ants
  A killer bee zombie (D:10)
  A hound zombie (D:5)
  A worker ant zombie (D:10)
  17 gnolls
  A howler monkey zombie (D:6)
  11 adders
  2 shadow imps
  4 oozes
  An adder skeleton (D:5)
  2 worms (D:2)
  4 dart slugs
  9 leopard geckos
  47 orcs
  7 bats
  3 giant cockroaches
  2 gnoll zombies (D:4)
  5 goblins
  8 hobgoblins
  13 jackals
  18 kobolds
  8 quokkas
  2 ball pythons (D:2)
  A ball python skeleton (D:4)
  8 frilled lizards
  A jackal zombie (D:5)
  A leopard gecko skeleton (D:2)
  A quokka zombie (D:6)
  7 rats
301 creatures vanquished.

Vanquished Creatures (collateral kills)
  Joseph (D:10)
  2 water moccasins (Lair:2)
  A black bear (D:11)
  2 quasits (D:10)
  A hound (D:7)
  A river rat (D:11)
8 creatures vanquished.

Vanquished Creatures (others)
  A centaur (D:5)
  7 fungi (D:5)
  7 toadstools (D:5)
15 creatures vanquished.

Grand Total: 324 creatures vanquished

Notes
Turn   | Place    | Note
-------+----------+-------------------------------------------
     0 | D:1      | mhoghedin the Mummy Necromancer began the quest for the
                  | Orb.
     0 | D:1      | Reached XP level 1. HP: 13/13 MP: 4/4
   279 | D:1      | Reached XP level 2. HP: 19/19 MP: 5/5
   799 | D:1      | Reached skill level 5 in Necromancy
   821 | D:1      | Reached XP level 3. HP: 24/24 MP: 7/7
  1209 | D:2      | Reached XP level 4. HP: 13/30 MP: 8/8
  1220 | D:2      | Learned a level 1 spell: Animate Skeleton
  1224 | D:2      | Learned a level 3 spell: Vampiric Draining
  1487 | D:2      | Reached skill level 3 in Spellcasting
  1822 | D:2      | Found a burning altar of Makhleb.
  1944 | D:2      | Found a bloodstained altar of Trog.
  2034 | D:2      | Found a faded altar of an unknown god.
  2495 | D:3      | Reached skill level 4 in Spellcasting
  2495 | D:3      | Reached XP level 5. HP: 32/35 MP: 11/11
  2501 | D:3      | Learned a level 4 spell: Animate Dead
  2593 | D:3      | Reached skill level 6 in Necromancy
  3071 | D:3      | Paralysed by an orc for 3 turns
  3081 | D:3      | Paralysed by an orc for 3 turns
  3345 | D:4      | Reached XP level 6. HP: 36/41 MP: 12/12
  3684 | D:4      | Reached skill level 1 in Fighting
  3711 | D:4      | Found an ornate altar of the Wu Jian Council.
  3737 | D:4      | Reached skill level 2 in Dodging
  3737 | D:4      | Reached skill level 1 in Shields
  3989 | D:4      | Reached skill level 2 in Fighting
  3989 | D:4      | Reached XP level 7. HP: 21/50 MP: 13/13
  4174 | D:4      | Found a sacrificial altar of Ru.
  4375 | D:4      | Noticed Blork the orc
  4387 | D:4      | Killed Blork the orc
  4387 | D:4      | Reached skill level 2 in Shields
  4405 | D:4      | Noticed Grinder
  4521 | D:4      | Reached skill level 3 in Dodging
  4735 | D:4      | Reached skill level 3 in Fighting
  5008 | D:4      | Found a basalt altar of Yredelemnul.
  5308 | D:5      | Entered Level 5 of the Dungeon
  5319 | D:5      | Reached skill level 3 in Shields
  5337 | D:5      | Reached XP level 8. HP: 58/60 MP: 10/14
  5550 | D:5      | Reached skill level 4 in Fighting
  5635 | D:5      | Found an ancient bone altar of Kikubaaqudgha.
  5780 | D:5      | Found a radiant altar of Vehumet.
  5783 | D:5      | Became a worshipper of Vehumet
  5877 | D:5      | Reached skill level 4 in Dodging
  6057 | D:5      | Found an iron altar of Okawaru.
  6321 | D:5      | Noticed a slime creature
  6324 | D:5      | Noticed a slime creature
  6409 | D:5      | Found a glowing golden altar of the Shining One.
  6438 | D:5      | Found a staircase to the Ecumenical Temple.
  6617 | D:5      | Reached skill level 1 in Maces & Flails
  6621 | D:5      | Found a shimmering altar of Xom.
  6776 | D:6      | Reached skill level 4 in Shields
  6797 | D:6      | Reached * piety under Vehumet
  6797 | D:6      | Offered knowledge of Shock by Vehumet.
  6797 | D:6      | Reached skill level 5 in Fighting
  6977 | D:5      | Reached skill level 1 in Armour
  7111 | D:6      | Found a hide-covered altar of Uskayaw.
  7178 | D:6      | Found Qapsugh's Magic Scroll Emporium.
  7189 | D:6      | Reached skill level 2 in Maces & Flails
  7189 | D:6      | Reached XP level 9. HP: 64/68 MP: 15/15
  7395 | D:6      | Reached skill level 5 in Dodging
  7577 | D:7      | Found Vyhaal's Food Shop.
  7615 | D:7      | Reached skill level 6 in Fighting
  7615 | D:7      | Reached skill level 3 in Maces & Flails
  8160 | D:8      | Identified the cursed +1 falchion of Rubbish {drain, *Rage
                  | rElec rPois rC+}
  8185 | D:8      | Reached ** piety under Vehumet
  8192 | D:8      | Offered knowledge of Magic Dart by Vehumet.
  8883 | D:9      | Found a hazy altar of Hepliaklqana.
  9007 | D:9      | Reached skill level 4 in Maces & Flails
  9007 | D:9      | Reached skill level 6 in Dodging
  9145 | D:9      | Reached skill level 7 in Fighting
  9606 | D:10     | Entered Level 10 of the Dungeon
  9639 | D:10     | Offered knowledge of Dazzling Spray by Vehumet.
  9659 | D:10     | Reached XP level 10. HP: 77/79 MP: 16/16
  9870 | D:10     | Noticed Joseph
  9886 | D:10     | Killed Joseph
  9886 | D:10     | Reached *** piety under Vehumet
  9892 | D:10     | Found a staircase to the Orcish Mines.
 10203 | D:10     | Reached skill level 5 in Maces & Flails
 10447 | D:11     | Offered knowledge of Sticky Flame by Vehumet.
 10472 | D:11     | Learned a level 4 spell: Sticky Flame
 10520 | D:11     | Reached skill level 1 in Conjurations
 10520 | D:11     | Reached skill level 1 in Fire Magic
 10541 | D:11     | Noticed a death yak
 10543 | D:11     | Found a staircase to the Lair.
 10624 | D:11     | Noticed a death yak
 10624 | D:11     | Noticed a death yak
 10644 | D:10     | Killed a death yak
 10644 | D:10     | Reached skill level 2 in Conjurations
 10644 | D:10     | Reached skill level 2 in Fire Magic
 10765 | D:10     | Killed a death yak
 10765 | D:10     | Reached skill level 3 in Conjurations
 10765 | D:10     | Reached skill level 3 in Fire Magic
 10923 | D:10     | Killed a death yak
 11179 | D:11     | Identified the +3 broad axe of Resourcefulness {vamp, Str+3
                  | Stlth+} (You found it on level 11 of the Dungeon)
 11345 | D:11     | Noticed a centaur warrior
 11355 | D:11     | Killed a centaur warrior
 11355 | D:11     | Reached skill level 2 in Axes
 11355 | D:11     | Reached XP level 11. HP: 63/86 MP: 4/17
 11484 | D:11     | Noticed an unseen horror
 11596 | D:11     | Killed an unseen horror
 11596 | D:11     | Reached skill level 3 in Axes
 12034 | Lair:1   | Entered Level 1 of the Lair of Beasts
 12203 | Lair:1   | Reached skill level 4 in Axes
 12477 | Lair:1   | Reached **** piety under Vehumet
 12749 | Lair:1   | HP: 8/86 [komodo dragon (28)]
 13131 | Lair:1   | Reached skill level 5 in Axes
 13452 | Lair:1   | Noticed an oklob plant
 13452 | Lair:1   | Noticed an oklob plant
 13653 | Lair:1   | HP: 12/86 [black mamba (12)]
 13662 | Lair:1   | HP: 7/86 [black mamba (7)]
 14121 | Lair:2   | Offered knowledge of Static Discharge by Vehumet.
 14121 | Lair:2   | Reached skill level 6 in Axes
 14189 | Lair:2   | HP: 13/86 [black mamba (12)]
 14190 | Lair:2   | HP: 4/86 [black mamba (9)]
 14195 | Lair:2   | HP: 4/86 [black mamba (1)]
 14196 | Lair:2   | HP: 1/86 [black mamba (3)]
 14196 | Lair:2   | Demolished by a black mamba

Levels and vault maps discovered:
D:1:      dpeg_arrival_stone_temple_mockup, layout_loops_corners
D:2:      minmay_razor_zed, layout_basic, lightli_temple_of_fire,
          bloody_makhleb, first_ration, chequers_ecumenical_altar_simple
D:3:      kennysheep_big_flooded_room, layout_basic
D:4:      layout_loops_corners, old_standard_altar,
          lemuel_zombie_altar_yredelemnul, kennysheep_mini, serial_bayou_pond_e,
          uniq_grinder, uniq_blork_the_orc
D:5:      cheibrodos_fertilizer, layout_basic, lemuel_coloured_pillars_altar,
          kennysheep_mini_moat, marbit_many_paths, lemuel_crystal_altar,
          lemuel_doored_altar, lemuel_temple_firewalk_b
D:6:      layout_basic, eat_drink_and_be_merry_uskayaw, serial_shops,
          shop_statue
D:7:      layout_basic, serial_shops, shop
D:8:      layout_rooms
D:9:      layout_loops_corners, lemuel_crystal_altar
D:10:     layout_loops_cross, orc_0_dummy, uniq_joseph
D:11:     wad_lake_hut, layout_rooms, dpeg_lair_monsters, grunt_tengu_nest
Lair:1:   layout_cave_pods, minmay_lair_oklob_chamber
Lair:2:   layout_roguey, nicolae_swamp_entry_splash_gauntlet,
          minmay_snake_entry_six_corridors, gauntlet_entry_generic,
          grunt_megastairs_4

Skill      XL: |  1  2  3  4  5  6  7  8  9 10 11 |
---------------+----------------------------------+-----
Necromancy     | 5 6 |  6.7
Spellcasting   | 4 |  4.3
Fighting       | 2 3 5 7 |  7.9
Dodging        | 2 3 4 6 |  6.8
Shields        | 1 3 4 |  4.0
Maces & Flails | 2 4 5 |  5.1
Armour         | 1 |  1.0
Conjurations   | 3 |  3.9
Fire Magic     | 3 |  3.9
Axes           | 2 6 |  6.1
Stealth        | |  1.5

Action                   |  1- 3 |  4- 6 |  7- 9 | 10-12 || total
-------------------------+-------+-------+-------+-------++-------
Melee: Dagger            |     6 |    44 |    30 |       ||    80
       Whip              |       |       |   225 |   128 ||   353
       Broad axe         |       |       |       |   165 ||   165
 Cast: Pain              |    78 |   166 |   281 |    40 ||   565
       Animate Dead      |       |     4 |    10 |     5 ||    19
       Vampiric Draining |       |     2 |    32 |    38 ||    72
       Sticky Flame      |       |       |       |    21 ||    21
Evoke: Wand              |       |       |     1 |    14 ||    15
       Phial of floods   |       |       |       |     1 ||     1
  Use: Scroll            |       |     6 |     5 |     7 ||    18
 Stab: Paralysed         |       |       |     4 |     8 ||    12
       Sleeping          |       |       |     1 |     3 ||     4
Armor: Robe              |     6 |     6 |       |       ||    12
       Leather armour    |       |    15 |    96 |    78 ||   189
Dodge: Dodged            |    26 |    47 |   276 |   286 ||   635
Block: Buckler           |       |     9 |    69 |   104 ||   182

Table legend:
 A = Non-vault XP
 B = Vault XP
 C = Vault XP percentage of total XP
 D = Non-vault monster count
 E = Vault monster count
 F = Vault count percentage of total count
                 A         B        C        D         E       F
            +---------+---------+-------+---------+---------+-------
      Total |   11551 |    4478 |  27.9 |     271 |      38 |  12.3
            +---------+---------+-------+---------+---------+-------
        D:1 |      49 |       0 |   0.0 |      26 |       0 |   0.0
        D:2 |      65 |      47 |  42.0 |      21 |      11 |  34.4
        D:3 |     173 |      15 |   8.0 |      26 |       2 |   7.1
        D:4 |     842 |     102 |  10.8 |      53 |       3 |   5.4
        D:5 |     677 |     350 |  34.1 |      25 |      10 |  28.6
        D:6 |     669 |       0 |   0.0 |      13 |       0 |   0.0
        D:7 |     754 |       0 |   0.0 |      15 |       0 |   0.0
        D:8 |     850 |       0 |   0.0 |      22 |       0 |   0.0
        D:9 |     877 |       0 |   0.0 |      10 |       0 |   0.0
       D:10 |    1298 |    2909 |  69.1 |      24 |       5 |  17.2
       D:11 |    2612 |     354 |  11.9 |      19 |       4 |  17.4
     Lair:1 |    2183 |     452 |  17.2 |      13 |       1 |   7.1
     Lair:2 |     502 |     249 |  33.2 |       4 |       2 |  33.3
            +---------+---------+-------+---------+---------+-------

Levels and vault maps discovered:
D:1:      dpeg_arrival_stone_temple_mockup, layout_loops_corners
D:2:      minmay_razor_zed, layout_basic, lightli_temple_of_fire,
          bloody_makhleb, first_ration, chequers_ecumenical_altar_simple
D:3:      kennysheep_big_flooded_room, layout_basic
D:4:      layout_loops_corners, old_standard_altar,
          lemuel_zombie_altar_yredelemnul, kennysheep_mini, serial_bayou_pond_e,
          uniq_grinder, uniq_blork_the_orc
D:5:      cheibrodos_fertilizer, layout_basic, lemuel_coloured_pillars_altar,
          kennysheep_mini_moat, marbit_many_paths, lemuel_crystal_altar,
          lemuel_doored_altar, lemuel_temple_firewalk_b
D:6:      layout_basic, eat_drink_and_be_merry_uskayaw, serial_shops,
          shop_statue
D:7:      layout_basic, serial_shops, shop
D:8:      layout_rooms
D:9:      layout_loops_corners, lemuel_crystal_altar
D:10:     layout_loops_cross, orc_0_dummy, uniq_joseph
D:11:     wad_lake_hut, layout_rooms, dpeg_lair_monsters, grunt_tengu_nest
Lair:1:   layout_cave_pods, minmay_lair_oklob_chamber
Lair:2:   layout_roguey, nicolae_swamp_entry_splash_gauntlet,
          minmay_snake_entry_six_corridors, gauntlet_entry_generic,
          grunt_megastairs_4

Table legend:
 A = Turns spent in this place as a percentage of turns spent in the entire game.
 B = Non-inter-level travel turns spent in this place as a percentage of non-inter-level travel turns spent in the entire game.
 C = Inter-level travel turns spent in this place as a percentage of turns spent in this place.
 D = Turns resting spent in this place as a percentage of non-inter-level travel turns spent in this place.
 E = Turns spent auto-exploring this place as a percentage of non-inter-level travel turns spent in this place.
 F = Non-inter-level travel turns spent in this place divided by the number of levels of this place that you've seen.
                   A       B       C       D       E      F
               +-------+-------+-------+-------+-------+----------------------
         Total | 100.0 | 100.0 |   3.1 |  28.3 |  51.6 | 1057.8
       Dungeon |  84.8 |  84.5 |   3.5 |  24.8 |  54.0 | 1055.8
          Lair |  15.2 |  15.5 |   1.1 |  47.1 |  38.2 | 1069.0
               +-------+-------+-------+-------+-------+----------------------

Table legend:
 A = Kills in this place as a percentage of kills in entire the game.
 B = Kills by you in this place as a percentage of kills by you in the entire game.
 C = Kills by friends in this place as a percentage of kills by friends in the entire game.
 D = Other kills in this place as a percentage of other kills in the entire game.
 E = Experience gained in this place as a percentage of experience gained in the entire game.
 F = Experience gained in this place divided by the number of levels of this place that you have seen.
                   A       B       C       D       E      F
               +-------+-------+-------+-------+-------+----------------------
         Total | 100.0 | 100.0 | 100.0 |   N/A | 100.0 | 1233.0
       Dungeon |  93.5 |  94.0 |  75.0 |   N/A |  78.9 | 1149.4
          Lair |   6.5 |   6.0 |  25.0 |   N/A |  21.1 | 1693.0
               +-------+-------+-------+-------+-------+----------------------
